 Dungeon Crawl Stone Soup version 0.29-a0-284-gf9362112df (webtiles) character file.

Game seed: 14908993587275482736

1332 siradein the Changer (level 8, -3/51 HPs)
             Began as an Octopode Transmuter on Mar 31, 2022.
             Slain by an orc warrior
             ... wielding a +0 battleaxe
              (6 damage)
             ... on level 7 of the Dungeon.
             The game lasted 00:16:00 (5946 turns).

siradein the Changer (Octopode Transmuter)          Turns: 5946, Time: 00:16:00

Health: -3/51      AC:  2    Str: 10    XL:     8   Next: 61%
Magic:  12/12      EV: 24    Int: 17    God:
Gold:   342        SH:  0    Dex: 17    Spells: 3/13 levels left

rFire   . . .      SeeInvis .     - Unarmed
rCold   . . .      Faith    .   (shield currently unavailable)
rNeg    + + .      Spirit   .   (helmet currently unavailable)
rPois   x          Reflect  .   (no amulet)
rElec   .          Harm     .   s - ring of resist corrosion
rCorr   +          Rampage  .   d - ring of positive energy
Will    .....                   e - +4 ring of evasion
Stlth   ++........              h - ring of positive energy
HPRegen 0.17/turn               k - ring of flight
MPRegen 0.13/turn               t - +4 ring of slaying
                                (no ring)
                                (no ring)

@: spider-form (expiring), flying
A: venomous fangs, almost no armour, (amphibious), 8 rings, tiny, (camouflage
1), (gelatinous body 1), (nimble swimmer 1), (tentacles)
a: End Transformation


You were on level 7 of the Dungeon.
You were a venomous arachnid creature.
You visited 1 branch of the dungeon, and saw 6 of its levels.

You collected 342 gold pieces.

Inventory:

Hand Weapons
 a - a +2 dagger of electrocution (melded)
 b - a +1 hunting sling of freezing
Jewellery
 d - a ring of positive energy (right front leg)
 e - a +4 ring of evasion (on tentacle)
 h - a ring of positive energy (on tentacle)
 k - a ring of flight (on tentacle)
 s - a ring of resist corrosion (left front leg)
 t - a +4 ring of slaying (on tentacle)
Scrolls
 c - a scroll of vulnerability {unknown}
 l - 2 scrolls of fog {unknown}
 n - 2 scrolls of identify {unknown}
 p - 3 scrolls of summoning {unknown}
 u - a scroll of magic mapping {unknown}
 v - a scroll of teleportation {unknown}
Potions
 f - 4 potions of curing {unknown}
 g - a potion of magic {unknown}
 i - 2 potions of heal wounds {unknown}
 j - 3 potions of lignification
 m - a potion of might {unknown}
 o - 3 potions of flight {unknown}
 q - 3 potions of haste {unknown}
 r - 2 potions of degeneration {unknown}
 w - a potion of cancellation {unknown}
 x - a potion of brilliance {unknown}


   Skills:
 + Level 2.9 Fighting
 + Level 3.5 Dodging
 + Level 4.1 Unarmed Combat
 + Level 3.2 Spellcasting
 + Level 7.0 Transmutations
 + Level 1.8 Ice Magic
 - Level 5.0 Poison Magic


You had 3 spell levels left.
You knew the following spells:

 Your Spells              Type           Power      Damage    Failure   Level
a - Beastly Appendage     Tmut           52%        N/A       4%          1
b - Wereblood             Tmut           26%        N/A       6%          2
c - Spider Form           Tmut/Pois      23%        N/A       13%         3
d - Ice Form              Ice/Tmut       17%        N/A       50%         4

Your spell library contained the following spells:

 Spells                   Type           Power      Damage    Failure   Level
 Call Canine Familiar     Summ           2%         N/A       67%         3
 Portal Projectile        Hex/Tloc       4%         N/A       67%         3
 Tukima's Dance           Hex            2%         N/A       67%         3
 Yara's Violent Unravell  Hex/Tmut       7%         3d5       89%         5
 Leda's Liquefaction      Hex/Erth       1%         N/A       95%         4
 Passage of Golubria      Tloc           2%         N/A       95%         4


Dungeon Overview and Level Annotations

Branches:
Dungeon (5/15)
 Temple: D:4-7

Altars:
Cheibriados
Dithmenos
Nemelex Xobeh
Wu Jian
Zin

Shops:
D:5 [


Innate Abilities, Weirdness & Mutations

You are a venomous arachnid creature.
You have poisonous fangs.
You are tiny and dextrous.
Your spellcasting is less reliable in this form.
Your armour is entirely melded.
You are incapable of wielding weapons or throwing items.
You cannot wear most types of armour.
((You are amphibious.))
You can wear up to eight rings at the same time.
((Your skin changes colour to match your surroundings (Stealth+).))
((Your rubbery body absorbs attacks. (AC +1, EV +1)))
((You are camouflaged when in or above water. (Stealth+)))
((You have tentacles for arms and can constrict up to eight enemies at once.))


Message History

An orc comes into view.
It is wielding a +0 flail. 2 orcs, an orc wizard and an orc priest come into view.
The orc shouts!
The orc wizard shouts!
The orc priest shouts!
The orc misses you. The orc attacks as you move away!
The orc closely misses you.
The orc priest invokes the aid of Beogh against you.
Beogh smites you!
The orc wizard hits you with a +0 dagger.
You hit the orc wizard but do no damage.
The orc wizard hits you with a +0 dagger.
You closely miss the orc wizard.
The orc priest casts a cantrip, but nothing happens.
The orc misses you.
The orc wizard hits you but does no damage.
The orc wizard attacks as you move away!
The orc wizard misses you.
The orc priest looks satisfied for a moment.
The orc wizard casts a spell at you. You resist with some effort.
You hit the orc wizard.
The orc wizard is poisoned.
The orc wizard is moderately wounded.
The orc warrior hits you with a +0 battleaxe!!
The orc wizard hits you with a +0 dagger.
The orc completely misses you.
The orc priest attacks as you move away!
The orc priest hits you with a +0 short sword.
* * * LOW HITPOINT WARNING * * *
The orc wizard completely misses you.
The orc wizard attacks as you move away!
The orc wizard closely misses you.
The orc priest begins to cast a cantrip, but forgets the words!
The orc priest calls down the wrath of Beogh upon you.
Beogh smites you!
* * * LOW HITPOINT WARNING * * *
The orc wizard attacks as you move away!
The orc wizard completely misses you.
Your transformation is almost over.
The orc warrior attacks as you move away!
The orc warrior hits you with a +0 battleaxe.
You die...

......#### ###.........#
......# ##........#
#.##..# #.o......#
..##..### ##o..##..
.###....# #8.o.8# .#
##.#.# ##oo.## .# #.#.##
#oo.# .#
#.#..###.###oo.##
.####.##.....##8s..8#
..[.....########...##
....#####8###8##...#
..### #..............
..#####..........⌠....
#.......................
#######.#8###8##...##8##
#.########...####
#.......#8...8


You could see an orc warrior, 2 orc priests, an orc wizard (very poisoned) and 5
orcs.

Vanquished Creatures
  A steam dragon (D:7)
  An ice beast (D:7)
  A sky beast (D:7)
  An ogre (D:4)
  3 centaurs
  Blork the orc (D:4)
  2 scorpions
  A bullfrog (D:7)
  4 killer bees (D:5)
  2 hounds
  4 gnolls
  8 adders
  A white imp (D:5)
  2 ufetubi
  3 worms (D:2)
  6 dart slugs
  7 endoplasms
  5 giant cockroaches
  9 goblins
  5 hobgoblins
  4 jackals
  5 quokkas
  5 ball pythons
  7 bats
  2 frilled lizards (D:1)
  6 kobolds
  3 rats
99 creatures vanquished.

Notes
Turn   | Place    | Note
-------+----------+-------------------------------------------
     0 | D:1      | siradein the Octopode Transmuter began the quest for the
                  | Orb.
     0 | D:1      | Reached XP level 1. HP: 13/13 MP: 3/3
   299 | D:1      | Reached XP level 2. HP: 15/18 MP: 3/5
   302 | D:1      | Learned a level 2 spell: Wereblood
   404 | D:1      | Noticed a shining eye
   426 | D:1      | Found a faded altar of an unknown god.
   434 | D:1      | Noticed a golden eye
   540 | D:1      | Reached skill level 3 in Transmutations
   583 | D:1      | Noticed a golden eye
   790 | D:1      | Reached XP level 3. HP: 23/23 MP: 6/6
   794 | D:1      | Learned a level 3 spell: Spider Form
  1268 | D:1      | Noticed a floating eye
  1316 | D:2      | Reached skill level 4 in Transmutations
  1438 | D:2      | Reached XP level 4. HP: 28/28 MP: 7/7
  2089 | D:3      | Reached skill level 5 in Transmutations
  2117 | D:3      | Reached XP level 5. HP: 33/33 MP: 8/8
  2206 | D:3      | Found a snail-covered altar of Cheibriados.
  2230 | D:3      | Reached skill level 1 in Poison Magic
  2427 | D:4      | Noticed Blork the orc
  2427 | D:4      | Noticed an ogre
  2649 | D:4      | Reached XP level 6. HP: 36/38 MP: 6/9
  2817 | D:4      | Killed Blork the orc
  2818 | D:4      | Reached skill level 6 in Transmutations
  3336 | D:4      | Found a shadowy altar of Dithmenos.
  3535 | D:4      | Reached XP level 7. HP: 43/43 MP: 10/10
  3592 | D:5      | Entered Level 5 of the Dungeon
  3600 | D:5      | Found a sparkling altar of Nemelex Xobeh.
  3734 | D:5      | HP: 2/43 [white imp/puff of frost (12)]
  4451 | D:5      | Found a glowing silver altar of Zin.
  4514 | D:5      | Found Wewnage's Antique Armour Boutique.
  4600 | D:5      | Found an ornate altar of the Wu Jian Council.
  5082 | D:5      | You are sucked into a shaft and drop 2 floors!
  5183 | D:7      | Reached skill level 5 in Poison Magic
  5183 | D:7      | Reached XP level 8. HP: 50/50 MP: 8/12
  5188 | D:7      | Learned a level 4 spell: Ice Form
  5382 | D:7      | Reached skill level 1 in Ice Magic
  5741 | D:7      | Reached skill level 7 in Transmutations
  5765 | D:7      | Identified the +2 helmet of Noedah {rPois rF+ rCorr Stlth+}
  5944 | D:7      | HP: 2/51 [orc priest/divine providence (10)]
  5946 | D:7      | Slain by an orc warrior

Illustrated notes

Levels and vault maps discovered:
D:1:      dpeg_arrival_rooms_with_view, layout_loops_cross,
          hellmonk_ecumenical_altar_watching_god, minmay_misc_feat_rugged,
          minmay_misc_feat_alley, kennysheep_decorative_pillar
D:2:      layout_rooms
D:3:      layout_rooms, cheibriados_altar_1
D:4:      layout_cave_pools, grunt_dithmenos_smoke, grunt_decor_junction,
          uniq_blork_the_orc
D:5:      layout_layer_cave, zin_statuary, overflow_temple_1_default,
          nicolae_wu_jian_immortal_techniques, serial_shops, shop
D:7:      layout_rooms, chequers_temple_overflow_minitemple,
          minmay_temple_entry_statues_pillars, serial_corexii_hall,
          corexii_hall_statues_t, corexii_hall_statues_x,
          kennysheep_windowed_goal

Skill      XL: |  1  2  3  4  5  6  7  8 |
---------------+-------------------------+-----
Transmutations | 3 4 5 6 7 |  7.0
Poison Magic   | 3 4 5 |  5.0
Fighting       | 2 |  2.9
Dodging        | 3 |  3.5
Spellcasting   | 3 |  3.2
Ice Magic      | 1 |  1.8
Unarmed Combat | 4 |  4.1

Action                   |  1- 3 |  4- 6 |  7- 9 || total
-------------------------+-------+-------+-------++-------
Melee: Unarmed           |    58 |    51 |    38 ||   147
       Constrict         |    14 |    20 |     4 ||    38
       Tentacles         |     8 |    13 |     6 ||    27
       Kick              |    17 |    17 |     5 ||    39
       Punch             |     2 |     1 |     1 ||     4
       Dagger            |       |    21 |    23 ||    44
 Fire: Hunting sling     |    18 |    73 |    10 ||   101
 Cast: Beastly Appendage |    17 |    13 |     3 ||    33
       Spider Form       |       |     4 |     8 ||    12
       Wereblood         |       |       |     1 ||     1
 Stab: Sleeping          |     7 |       |       ||     7
Armor: Skin              |     3 |     3 |     7 ||    13
Dodge: Dodged            |    31 |   126 |    85 ||   242

Table legend: (Time is in decaauts)
 A = Elapsed time spent in this place.
 B = Non-inter-level travel time spent in this place.
 C = Inter-level travel time spent in this place.
 D = Time resting spent in this place.
 E = Time spent auto-exploring this place.
 F = Levels seen in this place.
 G = Mean time per level.
                   A        B        C        D        E       F      G
               +--------+--------+--------+--------+--------+-----+--------+
         Total |   5974 |   5872 |    102 |   1072 |   3703 |   6 |  995.7 |
       Dungeon |   5974 |   5872 |    102 |   1072 |   3703 |   6 |  995.7 |
               +--------+--------+--------+--------+--------+-----+--------+

Top non-repeatable levels by time:
     D:1: 1528 daAuts
     D:5: 1490 daAuts
     D:7: 861 daAuts
     D:4: 811 daAuts
     D:3: 763 daAuts
     D:2: 518 daAuts
